Map: Dash and Terminal LE (Void)

Players

Brouhaha

  • Race: Terran Terran
  • League: Grandmaster

AcerBly (Bly) - Winner!

  • Race: Zerg Zerg
  • League: Master

Event: Gauntlet LotV Open #1

VOD

Have the link to the VOD?

Description

Time

  • Played on: Sept. 5, 2015, 3:18 p.m.
  • Length: 5:17

All games in this series

Show
View Real Time Build Order
Export as new Build Order

Brouhaha Terran 

Build Orders: Reaper Expand 

Get SALT Encoding   

  12  0:00  SCV  
  13  0:13  SCV  
  14  0:25  SCV  
  15  0:29  Supply Depot  
  15  0:40  Refinery  
  15  0:50  SCV  
  15  0:52  Barracks  
  16  1:02  SCV  
  17  1:06  Supply Depot  
  17  1:14  SCV  
  18  1:26  SCV  
  19  1:39  Reaper, Orbital Command  
  20  2:04  Command Center  
  20  2:07  SCV  
  21  2:11  Reaper  
  22  2:19  SCV  
  22  2:20  Factory  
  23  2:27  Refinery  
  23  2:31  SCV  
  24  2:43  SCV, Reaper  
  26  2:55  SCV  
  27  3:00  Barracks  
  27  3:01  Barracks  
  27  3:06  Starport  
  27  3:07  SCV  
  28  3:15  Marine  
  28  3:19  SCV  
  30  3:29  Orbital Command  
  30  3:32  SCV  
  29  3:45  Marine  
  29  3:50  Barracks Tech Lab x2  
  29  3:59  Factory Reactor, Starport Tech Lab  
  29  4:06  Bunker  
  29  4:14  Marine  
  29  4:15  Marine  
  32  4:18  Barracks Reactor  
  32  4:22  Engineering Bay  
  31  4:25  Engineering Bay  
  31  4:33  Marine x2  
  31  4:34  SCV  
  31  4:35  SCV  
  35  4:38  Supply Depot  
  34  4:53  Supply Depot  
Show
View Real Time Build Order
Export as new Build Order

AcerBly Zerg - Winner!

Build Orders: Hatch First 

Get SALT Encoding   

  12  0:01  Drone  
  13  0:12  Overlord  
  13  0:18  Drone  
  14  0:34  Drone x2  
  16  0:40  Drone  
  17  0:54  Hatchery  
  16  0:58  Drone x2  
  16  1:03  Extractor  
  17  1:14  Spawning Pool  
  16  1:18  Drone  
  16  1:21  Drone  
  18  1:31  Drone  
  19  1:39  Overlord  
  19  2:00  Queen  
  19  2:01  Zergling x4  
  23  2:06  Queen  
  25  2:10  Drone  
  25  2:11  Metabolic Boost  
  26  2:21  Drone x2  
  28  2:28  Drone x2  
  30  2:34  Overlord  
  30  2:36  Queen  
  32  2:41  Drone  
  33  2:47  Overlord  
  33  2:57  Drone x2  
  35  3:04  Drone  
  36  3:08  Roach Warren  
  36  3:09  Drone x3  
  36  3:10  Drone  
  39  3:20  Overlord  
  39  3:25  Overlord x2  
  38  3:44  Extractor  
  37  3:55  Roach x10  
  57  4:06  Overlord  
  57  4:16  Zergling x8  
  61  4:22  Zergling x2  
  62  4:30  Zergling x6  
  62  4:31  Zergling x2  
  65  4:35  Ravager x2  
  65  4:36  Overlord  
  67  4:41  Zergling x2  
  67  4:44  Ravager  
  69  4:58  Hatchery  
Tags
 
Add a new tag
Caveats
  • Supply blocks, unpowered buildings, or Contaminate may cause inaccurate times.
  • Supply counts are checked every 10 seconds.